 Dungeon Crawl Stone Soup version 0.28.0-53-g5a82cb258f (webtiles) character file.

Game seed: 27378321377448128

115 MalarOregon the Cudgeller (level 4, -1/36 HPs)
             Began as a Palentonga Warper on June 15, 2022.
             Was an Initiate of Yredelemnul.
             Slain by Grinder (5 damage)
             ... on level 3 of the Dungeon.
             The game lasted 00:10:47 (1751 turns).

MalarOregon the Cudgeller (Palentonga Warper)       Turns: 1751, Time: 00:10:48

Health: -1/36      AC:  7    Str: 17    XL:     4   Next: 68%
Magic:  7/7        EV: 10    Int: 13    God:    Yredelemnul [......]
Gold:   30         SH:  0    Dex:  9    Spells: 7/7 levels left

rFire   + . .      SeeInvis +   a - +0 mace
rCold   . . .      Faith    .   (no shield)
rNeg    . . .      Spirit   .   i - +2 robe {rF+}
rPois   .          Reflect  .   (no helmet)
rElec   .          Harm     .   (no cloak)
rCorr   .          Rampage  .   e - +0 pair of gloves
Will    .....                   (no barding)
Stlth   +.........              (no amulet)
HPRegen 0.12/turn               (no ring)
MPRegen 0.10/turn               (no ring)

@: no status effects
A: large, rugged brown scales 3, see invisible, deformed body, roll 1, armoured
tail
a: Rolling Charge, Renounce Religion, Recall Undead Harvest


You were on level 3 of the Dungeon.
You worshipped Yredelemnul.
Yredelemnul was noncommittal.
You visited 1 branch of the dungeon, and saw 3 of its levels.

You collected 92 gold pieces.
You spent 62 gold pieces at shops.


Innate Abilities, Weirdness & Mutations

You are completely covered in rugged brown scales. (AC +3, +7% HP)
You have supernaturally acute eyesight. (SInv)
Armour fits poorly on your strangely shaped body.
You can roll at nearby foes to attack.
You have a long armoured tail.


   Skills:
 + Level 2.7 Fighting
 * Level 3.4 Maces & Flails
 - Level 0.6 Throwing
 + Level 1.7 Armour
 + Level 2.2 Dodging
 - Level 2.0 Spellcasting
 - Level 3.0 Translocations


You had 7 spell levels left.
You didn't know any spells.
Your spell library contained the following spells:

 Spells                   Type           Power      Damage    Failure   Level
 Blink                    Tloc           18%        N/A       11%         2
 Gell's Gravitas          Tloc           9%         N/A       22%         3
 Lesser Beckoning         Tloc           9%         N/A       22%         3
 Teleport Other           Tloc           9%         N/A       22%         3
 Manifold Assault         Tloc           9%         N/A       90%         5

Inventory:

Hand Weapons
 a - a +0 mace (weapon)
Missiles
 d - 5 boomerangs of dispersal {!f}
 g - 10 poisoned darts (quivered)
Armour
 e - a +0 pair of gloves (worn)
   (You found it on level 1 of the Dungeon)
 i - a +2 robe of fire resistance (worn)
   (You bought it in a shop on level 2 of the Dungeon)
Scrolls
 b - a scroll of immolation {unknown}
 c - 2 scrolls of blinking
 h - a scroll of amnesia {unknown}
 k - a scroll of fear {unknown}
 l - 2 scrolls of identify {unknown}
Potions
 f - 2 potions of curing {unknown}
 j - 2 potions of berserk rage {unknown}

Dungeon Overview and Level Annotations

Branches:
Dungeon (3/15)

Altars:
Yredelemnul

Shops:
D:2 [

Annotations:
D:3 exclusion: adder, Grinder

##..............####
#.............K.......
.....########........####
#.## #.#.....##
#.##.<.###### #
######............ ##.#
##..........#######
.....#####5..#########
..........#@#.#
.........§Z○# #
.....####)###.# ...
#....# #### # #.#### #...
#.# #.## #.# ##########.#
#.# #..........# #.#
#.##########


You could see Grinder (ally target) and a friendly worm zombie (paralysed).


Message History

You hear a shout!
The necrophage hits you.
You feel drained.
Your bat zombie hits the necrophage but does no damage.
You hit the necrophage.
Your bat zombie hits the necrophage.
Your bat zombie barely misses the necrophage.
The necrophage hits your bat zombie.
Your bat zombie barely misses the necrophage.
The necrophage hits your bat zombie.
Your bat zombie is destroyed!
You thump the necrophage!
You destroy the necrophage!
The kobold barely misses you.
Your life force feels restored.
Your Maces & Flails skill increases to level 3!
Your Dodging skill increases to level 2!
You have reached level 4!
You feel stronger.
You closely miss the kobold.
Your tail-slap misses the kobold.
Grinder comes into view.
The kobold hits you with a +0 club.
The kobold throws a poisoned dart.
The poisoned dart barely misses you.
The kobold throws a poisoned dart.
The poisoned dart completely misses you.
The kobold throws a poisoned dart.
The poisoned dart barely misses you.
There is a stone staircase leading up here.
You climb upwards.
There is a stone staircase leading down here.
You start resting.
There's nothing to close nearby.
There is a stone staircase leading down here.
You climb downwards.
Level annotation: exclusion: adder, Grinder
There is a stone staircase leading up here.
You see here 13 arrows.
A bat comes into view.
The bat hits you.
You sock the bat!
You kill the bat!
A worm comes into view.
The kobold throws a poisoned dart.
The poisoned dart barely misses you.
Roll where?
Press: ? - help, Dir - move target, f - kobold
Aim: a kobold, wielding a +0 club and quivering poisoned darts You roll forward with a clatter of scales!
You hit the kobold but do no damage. You punch the kobold.
You kill the kobold!
A black mist starts to gather...
You hear a shout!
Roll where?
Press: ? - help, Dir - move target, f - worm
Aim: a worm You roll forward with a clatter of scales!
You hit the worm but do no damage. The worm bites you.
You hit the worm but do no damage.
Your kobold zombie hits the worm.
The worm closely misses you.
You hit the worm.
Your kobold zombie hits the worm but does no damage.
You hit the worm.
Your kobold zombie hits the worm.
The worm bites you but does no damage.
You sock the worm!
You kill the worm!
A black mist starts to gather...
You swap places.
Grinder gestures at you. Pain shoots through your body!
Roll where?
Press: ? - help, Dir - move target, f - Grinder
Aim: Grinder (ally target)
You roll forward with a clatter of scales!
You hit Grinder. Grinder closely misses you.
You closely miss Grinder. Grinder hits you but does no damage.
Your kobold zombie barely misses Grinder.
You barely miss Grinder. Grinder hits you.
You writhe in agony.
* * * LOW HITPOINT WARNING * * *
Your kobold zombie hits Grinder.
Grinder blinks!
Grinder gestures at you.
Your worm zombie struggles to resist.
Grinder hits your worm zombie.
Your worm zombie bites Grinder.
Grinder hits your worm zombie. Grinder gestures at you.
Your worm zombie suddenly stops moving!
Grinder gestures at you.
Grinder blinks!
You swap places.
Grinder hits your kobold zombie!
Your kobold zombie is destroyed!
Roll where?
Press: ? - help, Dir - move target, f/p - Grinder
Aim: Grinder (lightly wounded, ally target)
You roll forward with a clatter of scales!
You closely miss Grinder. Grinder hits you.
* * * LOW HITPOINT WARNING * * *
You writhe in agony.
* * * LOW HITPOINT WARNING * * *
Grinder hits you!
* * * LOW HITPOINT WARNING * * *
You writhe in agony.
You die...
Your body rises from the dead as a mindless zombie.

Skill      XL: |  1  2  3 |
---------------+----------+-----
Armour         | 1 |  1.7
Maces & Flails | 3 |  3.4
Dodging        | 2 |  2.2
Fighting       | |  2.7
Throwing       | |  0.6
Spellcasting   | |  2.0
Translocations | |  3.0

Action                   |  1- 3 |  4- 6 || total
-------------------------+-------+-------++-------
Melee: Mace              |    98 |    12 ||   110
       Tailslap          |    12 |       ||    12
       Punch             |       |     1 ||     1
 Abil: Rolling Charge    |     4 |     4 ||     8
Armor: Leather armour    |    23 |       ||    23
       Robe              |    49 |     2 ||    51
Dodge: Dodged            |    71 |     6 ||    77

Levels and vault maps discovered:
D:1:      dpeg_arrival_simpleton_c, layout_rooms, grunt_decor_one_mirror,
          minivault_25
D:2:      layout_basic, serial_shops, nicolae_shop_hallway_plus,
          hellmonk_ecumenical_altar_crossroads, basic_altar
D:3:      layout_loops_ring, mrwooster_statue_mirror, uniq_grinder, uniq_jessica

Notes
Turn   | Place    | Note
-------+----------+-------------------------------------------
     0 | D:1      | MalarOregon the Palentonga Warper began the quest for the
                  | Orb.
     0 | D:1      | Reached XP level 1. HP: 17/17 MP: 3/3
   183 | D:1      | Reached skill level 1 in Armour
   193 | D:1      | Reached XP level 2. HP: 16/23 MP: 5/5
   693 | D:2      | Found a faded altar of an unknown god.
   748 | D:2      | Found Sovoppom's Antique Armour Emporium.
   753 | D:2      | Bought a glowing robe for 62 gold pieces
  1286 | D:2      | Reached XP level 3. HP: 25/29 MP: 6/6
  1358 | D:2      | Found a basalt altar of Yredelemnul.
  1370 | D:2      | Became a worshipper of Yredelemnul the Dark
  1580 | D:3      | Noticed a necrophage
  1585 | D:3      | Killed a necrophage
  1586 | D:3      | Reached skill level 3 in Maces & Flails
  1586 | D:3      | Reached skill level 2 in Dodging
  1586 | D:3      | Reached XP level 4. HP: 28/36 MP: 7/7
  1586 | D:3      | Noticed Grinder
  1751 | D:3      | HP: 4/36 [Grinder (7)]
  1751 | D:3      | Slain by Grinder

Vanquished Creatures
  A necrophage (D:3)
  2 worms
  A dart slug (D:1)
  An endoplasm (D:2)
  A giant cockroach (D:1)
  3 goblins (D:2)
  2 hobgoblins
  2 jackals (D:1)
  2 quokkas
  6 bats
  3 kobolds
  7 rats
31 creatures vanquished.

Vanquished Creatures (others)
  A bat zombie (D:3)
  A kobold zombie (D:3)
2 creatures vanquished.

Grand Total: 33 creatures vanquished

Table legend:
 A = Non-vault XP
 B = Vault XP
 C = Vault XP percentage of total XP
 D = Non-vault monster count
 E = Vault monster count
 F = Vault count percentage of total count
                 A         B        C        D         E       F
            +---------+---------+-------+---------+---------+-------
      Total |     165 |       0 |   0.0 |      31 |       0 |   0.0
            +---------+---------+-------+---------+---------+-------
        D:1 |      21 |       0 |   0.0 |      12 |       0 |   0.0
        D:2 |      24 |       0 |   0.0 |      13 |       0 |   0.0
        D:3 |     120 |       0 |   0.0 |       6 |       0 |   0.0
            +---------+---------+-------+---------+---------+-------

Illustrated notes

Table legend:
 A = Kills in this place as a percentage of kills in entire the game.
 B = Kills by you in this place as a percentage of kills by you in the entire game.
 C = Kills by friends in this place as a percentage of kills by friends in the entire game.
 D = Other kills in this place as a percentage of other kills in the entire game.
 E = Experience gained in this place as a percentage of experience gained in the entire game.
 F = Experience gained in this place divided by the number of levels of this place that you have seen.
                   A       B       C       D       E      F
               +-------+-------+-------+-------+-------+----------------------
         Total | 100.0 | 100.0 |   N/A |   N/A | 100.0 |  55.0
       Dungeon | 100.0 | 100.0 |   N/A |   N/A | 100.0 |  55.0
               +-------+-------+-------+-------+-------+----------------------

Table legend: (Time is in decaauts)
 A = Elapsed time spent in this place.
 B = Non-inter-level travel time spent in this place.
 C = Inter-level travel time spent in this place.
 D = Time resting spent in this place.
 E = Time spent auto-exploring this place.
 F = Levels seen in this place.
 G = Mean time per level.
                   A        B        C        D        E       F      G
               +--------+--------+--------+--------+--------+-----+--------+
         Total |   1782 |   1680 |    102 |    169 |   1169 |   3 |  594.0 |
       Dungeon |   1782 |   1680 |    102 |    169 |   1169 |   3 |  594.0 |
               +--------+--------+--------+--------+--------+-----+--------+

Top non-repeatable levels by time:
     D:2: 789 daAuts
     D:1: 722 daAuts
     D:3: 270 daAuts
